 Dungeon Crawl Stone Soup version 0.30-a0-728-gc68057be0a (webtiles) character file.

Game seed: 6080944417645064259

18 garrulousMonolith the Slasher (level 2, -2/26 HPs)
             Began as a Gnoll Reaver on Jan 31, 2023.
             Slain by an orc
             ... wielding a +0 morningstar
              (12 damage)
             ... on level 2 of the Dungeon.
             The game lasted 00:00:57 (1002 turns).

garrulousMonolith the Slasher (Gnoll Reaver)        Turns: 1002, Time: 00:00:58

Health: -2/26      AC:  3    Str: 11    XL:     2   Next: 66%
Magic:  7/7        EV: 12    Int: 12    God:
Gold:   24         SH:  0    Dex: 10    Spells: 9/10 levels left

rFire   + . .      SeeInvis .    a - +0 falchion
rCold   + . .      Faith    .    (no shield)
rNeg    + . .      Spirit   .    b - +0 leather armour
rPois   +          Reflect  .    (no helmet)
rElec   +          Harm     .    l - scarf {shadows}
rCorr   +          Rampage  .    (no gloves)
Will    .....                    (no boots)
Stlth   +                        n - amulet of the acrobat
HPRegen 0.24/turn                p - ring of positive energy
MPRegen 0.10/turn                (no ring)

@: brilliant, resistant
A: fangs 1, strong nose, distributed training
a: no special abilities


You were on level 2 of the Dungeon.
You visited 1 branch of the dungeon, and saw 2 of its levels.

You collected 24 gold pieces.

Inventory:

Hand Weapons
 a - a +0 falchion (weapon)
 d - a +0 sling
Missiles
 h - 4 poisoned darts
Armour
 b - a +0 leather armour (worn)
 i - a +0 scale mail
 l - a scarf of shadows (worn)
Jewellery
 n - an amulet of the acrobat (around neck)
 p - a ring of positive energy (left hand)
Scrolls
 c - a scroll of identify
 f - a scroll of vulnerability {unknown}
 o - a scroll of poison {unknown}
Potions
 j - 2 potions of mutation
 k - a potion of cancellation {unknown}
 m - a potion of flight {unknown}
 q - a potion of attraction {unknown}


   Skills:
 + Level 4.5 Fighting
 + Level 0.5 Short Blades
 + Level 6.5 Long Blades
 + Level 0.5 Axes
 + Level 0.5 Maces & Flails
 + Level 0.5 Polearms
 + Level 0.5 Staves
 + Level 0.5 Ranged Weapons
 + Level 0.5 Throwing
 + Level 0.5 Armour
 + Level 4.5 Dodging
 + Level 0.5 Stealth
 + Level 0.5 Shields
 + Level 0.5 Unarmed Combat
 + Level 4.9 Spellcasting
 + Level 5.3 Conjurations
 + Level 0.3 Hexes
 + Level 0.3 Summonings
 + Level 0.3 Necromancy
 + Level 0.3 Translocations
 + Level 0.3 Transmutations
 + Level 0.3 Fire Magic
 + Level 0.3 Ice Magic
 + Level 0.3 Air Magic
 + Level 0.3 Earth Magic
 + Level 0.3 Poison Magic
 + Level 0.6 Invocations
 + Level 0.5 Evocations


You had 9 spell levels left.
You knew the following spells:

 Your Spells              Type           Power      Damage    Failure   Level
a - Kiss of Death         Conj/Necr      56%        2d9       9%          1

Your spell library contained the following spells:

 Spells                   Type           Power      Damage    Failure   Level
 Momentum Strike          Conj/Tloc      28%        3d8       12%         2
 Hailstorm                Conj/Ice       14%        3d5       24%         3
 Olgreb's Toxic Radiance  Pois           5%         N/A       92%         4
 Ozocubu's Refrigeration  Ice            2%         4d8       100%        7
 Ignition                 Fire           2%         3d3       100%        8


Dungeon Overview and Level Annotations

Branches:
Dungeon (2/15)

Altars:

Shops:
D:2 (


Innate Abilities, Weirdness & Mutations

You have very sharp teeth.
Your uncanny sense of smell can sniff out nearby items.
Your experience applies equally to all skills.


Message History

An orc comes into view. It is wielding a +0 morningstar.
An orc is nearby!
An orc priest comes into view. It is wielding a +0 hand axe.
The orc shouts!
The orc priest shouts!
Found a stone staircase leading up.
A bat comes into view.
An orc comes into view. It is wielding a +0 dagger.
The orc shouts!
The orc misses you.
You hit the orc priest.
The orc priest is lightly wounded.
The orc closely misses you. The bat barely misses you.
You slash the bat!
You kill the bat!
The orc barely misses you.
You barely miss the orc.
The orc priest calls down the wrath of Beogh upon you.
Beogh smites you!
Ouch! That really hurt!
The orc barely misses you. x2
You are too injured to fight recklessly!
You are too injured to fight recklessly!
You are too injured to fight recklessly!
You are too injured to fight recklessly!
You are too injured to fight recklessly!
You are too injured to fight recklessly!
You are too injured to fight recklessly!
You are too injured to fight recklessly!
You are too injured to fight recklessly!
You are too injured to fight recklessly!
You are too injured to fight recklessly!
You are too injured to fight recklessly!
The orc attacks as you move away! The orc hits you but does no damage.
It was a potion of resistance.
You feel protected. The orc barely misses you.
It was a potion of brilliance.
You feel clever all of a sudden. The orc hits you with a +0 morningstar!
You die...

### #### #.. ..#
#.#######.#
########.#..#..#@###.#.#
.......#.#......ooo...<.
.................†......
.......#.#.#<..#.#......
.......#.#.#...#.#......
########.#.#...#.#......
#.#.#...#.##.....
#.#.#...#.# ..... #.#.#


You could see an orc priest and 2 orcs.

Vanquished Creatures
  2 ball pythons
  2 endoplasms (D:1)
  A goblin (D:1)
  2 hobgoblins (D:1)
  5 bats
  2 kobolds (D:1)
  5 rats
19 creatures vanquished.

Notes
Turn   | Place    | Note
-------+----------+-------------------------------------------
     0 | D:1      | garrulousMonolith the Gnoll Reaver began the quest for the
                  | Orb.
     0 | D:1      | Reached XP level 1. HP: 20/20 MP: 6/6
   125 | D:1      | Reached XP level 2. HP: 21/26 MP: 7/7
   885 | D:2      | Found Qoromuag's Antique Weapon Shop.
  1002 | D:2      | Slain by an orc

Illustrated notes

Levels and vault maps discovered:
D:1:      dpeg_arrival_long_road, layout_basic
D:2:      layout_basic, serial_shops, nicolae_shop_overgrown_old_shop,
          hellmonk_ecumenical_altar_blasted

Action                     || total
---------------------------++-------
  Melee: Falchion          ||    42
         Bite              ||     3
    Use: Potion            ||     2
         Scroll            ||     1
 Armour: Leather armour    ||    11
  Dodge: Dodged            ||    22

Table legend: (Time is in decaauts)
 A = Elapsed time spent in this place.
 B = Non-inter-level travel time spent in this place.
 C = Inter-level travel time spent in this place.
 D = Time resting spent in this place.
 E = Time spent auto-exploring this place.
 F = Levels seen in this place.
 G = Mean time per level.
                   A        B        C        D        E       F      G
               +--------+--------+--------+--------+--------+-----+--------+
         Total |   1000 |    978 |     22 |      0 |    824 |   2 |  500.0 |
       Dungeon |   1000 |    978 |     22 |      0 |    824 |   2 |  500.0 |
               +--------+--------+--------+--------+--------+-----+--------+

Top non-repeatable levels by time:
     D:1: 873 daAuts
     D:2: 127 daAuts
